 Dungeon Crawl Stone Soup version 0.26-a0-660-gc07710193c (webtiles) character file.

Game seed: 8051303789618506829

4584 robertstho the Thaumaturge (level 10, -8/52 HPs)
             Began as a Deep Elf Ice Elementalist on Oct 6, 2020.
             Was a Priest of Sif Muna.
             Splashed by an orc knight's acid (15 damage)
             ... on level 7 of the Dungeon.
             The game lasted 00:23:03 (10576 turns).

robertstho the Thaumaturge (DEIE)                  Turns: 10576, Time: 00:23:04

Health: -8/52      AC: -4    Str:  5    XL:     10   Next: 18%
Magic:  9/37       EV: 14    Int: 24    God:    Sif Muna [***...]
Gold:   455        SH:  0    Dex: 15    Spells: 18/33 levels left

rFire    . . .     SeeInvis +   y - +2 flail (protect)
rCold    . . .     Faith    .   (no shield)
rNeg     . . .     Spirit   .   a - +0 robe
rPois    .         Reflect  .   (no helmet)
rElec    .         Harm     .   (no cloak)
rCorr    .         Rampage  .   v - +0 pair of gloves
MR       +....                  j - +0 pair of boots
Stlth    +++.......             (no amulet)
HPRegen  0.17/turn              x - ring of magical power
MPRegen  0.25/turn              p - ring of see invisible

@: corroded, frozen ramparts
A: no striking features
a: Channel Magic, Forget Spell, Renounce Religion


You were on level 7 of the Dungeon.
You worshipped Sif Muna.
Sif Muna was most pleased with you.
You visited 2 branches of the dungeon, and saw 8 of its levels.
You also visited: Ossuary.

You collected 455 gold pieces.

Inventory:

Hand Weapons
 b - a +1 whip of flaming
 y - a +2 flail of protection (weapon)
Missiles
 f - 52 poisoned darts (quivered)
Armour
 a - a +0 robe (worn)
 j - a +0 pair of boots (worn)
 v - a +0 pair of gloves (worn)
Jewellery
 e - an uncursed ring of protection from fire
 p - a ring of see invisible (right hand)
 q - an uncursed ring of positive energy {unknown}
 u - a cursed ring of teleportation {unknown}
 x - a ring of magical power (left hand)
Wands
 d - a wand of random effects (23)
 H - a wand of paralysis (7)
Scrolls
 g - 2 scrolls of amnesia {unknown}
 i - 6 scrolls of teleportation
 k - 5 scrolls of immolation {unknown}
 m - 3 scrolls of blinking {unknown}
 o - 3 scrolls of fog {unknown}
 r - 5 scrolls of remove curse
 s - a scroll of noise {unknown}
 t - 6 scrolls of random uselessness {unknown}
 E - 2 scrolls of enchant armour {unknown}
 G - 5 scrolls of identify
 I - a scroll of enchant weapon {unknown}
 K - a scroll of magic mapping {unknown}
Potions
 c - 6 potions of curing
 h - 3 potions of might
 l - 4 potions of stabbing
 n - 6 potions of heal wounds
 w - 2 potions of resistance
 z - 3 potions of ambrosia {unknown}
 A - 3 potions of lignification {unknown}
 B - a potion of berserk rage {unknown}
 C - 4 potions of flight {unknown}
 D - a potion of mutation
 F - a potion of cancellation {unknown}
 J - a potion of brilliance {unknown}


   Skills:
 + Level 1.4 Fighting
 + Level 2.2 Maces & Flails
 + Level 4.1 Dodging
 + Level 4.2 Stealth
 * Level 12.0 Spellcasting
 + Level 3.1 Summonings
 * Level 10.2 Ice Magic
 * Level 5.5 Invocations


You had 18 spell levels left.
You knew the following spells:

 Your Spells              Type           Power        Failure   Level
a - Freeze                Ice            ####         1%          1
b - Frozen Ramparts       Ice            ######       1%          3
c - Ozocubu's Armour      Ice            ######..     1%          3
d - Hailstorm             Conj/Ice       #####...     5%          4
e - Summon Ice Beast      Ice/Summ       #####...     2%          4

Your spell library contained the following spells:

 Spells                   Type           Power        Failure   Level
 Shock                    Conj/Air       ##..         4%          1
 Swiftness                Air            ##......     6%          2
 Static Discharge         Conj/Air       ##......     13%         3
 Airstrike                Air            ##........   38%         4
 Lightning Bolt           Conj/Air       ##........   75%         5


Dungeon Overview and Level Annotations

Branches:
Dungeon (7/15)             Temple (1/1) D:4         Ossuary (visited)

Altars:
Ashenzari
Cheibriados
Dithmenos
Elyvilon
Hepliaklqana
Kikubaaqudgha
Nemelex Xobeh
Okawaru
Qazlal
Ru
Sif Muna
Trog
Uskayaw
Vehumet
Wu Jian
Xom
Yredelemnul
The Shining One


Message History

Casting: Freeze (safe; 1% risk of failure)
Confirm with . or Enter, or press ? or * to list all spells.
Aiming: Freeze (safe; 1% risk of failure)
Press: ? - help, Shift-Dir - straight line, f/p - orc knight
Aim: an orc knight, wielding a +0 war axe and wearing a +0 plate armour (almost dead, strong)
You freeze the orc knight!
You kill the orc knight!
Sif Muna accepts your kill.
Your Spellcasting skill increases to level 12!
The wall freezes the orc knight!
The orc knight zaps a wand.
The bolt of acid hits your ice beast!
Your ice beast is splashed with acid.
The acid corrodes your ice beast!
Your ice beast dies!
The bolt of acid hits you! The acid corrodes you!
You are splashed with acid!
Your ice beast barely misses the orc knight.
The wall freezes the orc knight.
The orc knight zaps a wand.
The bolt of acid hits you!!
* * * LOW HITPOINT WARNING * * *
The acid corrodes you!
You are splashed with acid!
You die...

# . ... #+## ########.. #.
#........ #. .......)# #.
.o...o..# #. #.......# #.
#'##################'# #.
#.....))o.)).'))o....# #.
#.......#...@#.Y.....# #. #
#.......#....#.......# #+##
#############''''#############...
#............................#ooo
#≈≈≈≈≈≈≈≈≈≈≈≈....≈≈≈≈≈≈≈≈≈≈[≈####
≈≈≈≈≈≈≈≈≈≈≈≈≈....≈≈≈≈≈≈≈≈≈≈≈≈≈≈≈≈
≈≈≈≈≈≈≈≈≈≈≈≈≈....≈≈≈≈≈≈≈≈≈≈≈≈≈≈≈≈
.................................
>..)........)>...............)...


You could see an orc knight and an orc.

Vanquished Creatures
  An orc knight (D:7)
  A deep elf mage (D:7)
  A yak (D:7)
  2 nameless horrors
  4 wargs (D:7)
  Edmund (D:5)
  Duvessa (D:5)
  An orc warrior (D:7)
  A sky beast (D:7)
  An ice beast (D:6)
  2 ogres
  A phantom (D:4)
  Blork the orc (D:5)
  2 bullfrogs
  Dowan (D:5)
  A scorpion (D:7)
  A killer bee (D:7)
  2 vampire bats (D:7)
  A human zombie (Ossuary)
  4 hounds
  2 orc priests
  A jelly (D:7)
  5 orc wizards
  Terence (D:2)
  2 iguanas
  5 worker ants
  A killer bee zombie (D:7)
  A big kobold zombie (Ossuary)
  2 mummies (Ossuary)
  4 gnolls (D:2)
  12 adders
  A shadow imp (D:6)
  A white imp (D:5)
  An ooze (D:1)
  2 worms
  2 dart slugs
  4 leopard geckos
  18 orcs
  5 giant cockroaches
  6 goblins
  8 hobgoblins
  4 jackals (D:3)
  6 kobolds
  2 quokkas
  10 bats
  5 frilled lizards (D:2)
  A goblin zombie (D:6)
  2 leopard gecko skeletons (D:4)
  An orc zombie (Ossuary)
  6 rats
  A rat zombie (D:6)
152 creatures vanquished.

Vanquished Creatures (collateral kills)
  Menkaure (D:7)
  10 wargs (D:7)
  3 ice beasts
  A big kobold (D:7)
  A vampire bat (D:7)
  A bullfrog zombie (D:7)
  2 centaur zombies
  2 bullfrog skeletons
  2 orc priests (D:7)
  An orc wizard (D:5)
  A killer bee zombie (D:7)
  2 mummies (Ossuary)
  2 howler monkey zombies (D:5)
  2 white imps (D:7)
  A leopard gecko (D:7)
  5 orcs (D:7)
  A bat (D:7)
  2 hobgoblin zombies (Ossuary)
  A kobold zombie (Ossuary)
  An orc zombie (Ossuary)
42 creatures vanquished.

Vanquished Creatures (others)
  6 plants (D:7)
  2 withered plants (D:5)
8 creatures vanquished.

Grand Total: 202 creatures vanquished

Notes
Turn   | Place    | Note
-------+----------+-------------------------------------------
     0 | D:1      | robertstho the Deep Elf Ice Elementalist began the quest
                  | for the Orb.
     0 | D:1      | Reached XP level 1. HP: 10/10 MP: 6/6
   247 | D:1      | Reached XP level 2. HP: 2/15 MP: 5/8
   786 | D:1      | Reached skill level 5 in Ice Magic
  1186 | D:2      | Reached XP level 3. HP: 13/19 MP: 6/9
  1477 | D:2      | Learned a level 3 spell: Frozen Ramparts
  1481 | D:2      | Learned a level 3 spell: Ozocubu's Armour
  1486 | D:2      | Noticed Terence
  1494 | D:2      | Killed Terence
  1865 | D:2      | Reached XP level 4. HP: 24/24 MP: 6/11
  2331 | D:2      | Reached skill level 4 in Spellcasting
  2339 | D:2      | Reached XP level 5. HP: 25/28 MP: 6/13
  2760 | D:3      | Found a snail-covered altar of Cheibriados.
  2869 | D:3      | Found a glowing golden altar of the Shining One.
  2972 | D:3      | You fall into a shaft and drop 1 floor!
  2978 | D:4      | Found a shadowy altar of Dithmenos.
  2992 | D:4      | Found a staircase to the Ecumenical Temple.
  3002 | Temple   | Entered the Ecumenical Temple
  3011 | Temple   | Became a worshipper of Sif Muna the Loreminder
  3164 | D:4      | Noticed an ogre
  3175 | D:4      | Killed an ogre
  3175 | D:4      | Reached skill level 5 in Spellcasting
  3175 | D:4      | Reached XP level 6. HP: 26/32 MP: 12/16
  3970 | D:3      | Found a shimmering altar of Xom.
  4249 | D:4      | Reached skill level 1 in Maces & Flails
  4430 | D:4      | Reached skill level 1 in Invocations
  4436 | D:4      | Reached skill level 6 in Spellcasting
  4557 | D:3      | Learned a level 4 spell: Hailstorm
  4562 | D:3      | Learned a level 4 spell: Summon Ice Beast
  4564 | D:4      | Noticed a nameless horror
  4573 | D:4      | Killed a nameless horror
  4765 | D:4      | Reached XP level 7. HP: 37/37 MP: 7/18
  4860 | D:4      | Reached * piety under Sif Muna
  5383 | D:4      | Found a white marble altar of Elyvilon.
  5599 | D:5      | Entered Level 5 of the Dungeon
  6149 | D:5      | Noticed Dowan
  6152 | D:5      | Noticed Duvessa
  6163 | D:5      | Killed Duvessa
  6171 | D:5      | Killed Dowan
  6334 | D:5      | Reached skill level 7 in Spellcasting
  6607 | D:5      | Noticed Edmund
  6628 | D:5      | Killed Edmund
  6628 | D:5      | Reached XP level 8. HP: 42/42 MP: 21/21
  6688 | D:5      | Found a stormy altar of Qazlal.
  6689 | D:5      | Noticed an air elemental
  6948 | D:5      | Noticed Blork the orc
  6956 | D:5      | Killed Blork the orc
  7015 | D:5      | Found an ancient bone altar of Kikubaaqudgha.
  7215 | D:5      | Reached skill level 8 in Spellcasting
  7215 | D:5      | Reached skill level 1 in Summonings
  7327 | D:6      | Found a sand-covered staircase.
  7349 | Ossuary  | Entered an ossuary
  7906 | D:6      | Reached ** piety under Sif Muna
  7906 | D:6      | Reached skill level 1 in Fighting
  8596 | D:7      | Found a basalt altar of Yredelemnul.
  8647 | D:7      | Reached skill level 9 in Spellcasting
  8863 | D:7      | Noticed Menkaure
  8876 | D:7      | Killed Menkaure
  9177 | D:7      | Noticed a deep elf mage
  9182 | D:7      | Killed a deep elf mage
  9182 | D:7      | Reached skill level 10 in Spellcasting
  9182 | D:7      | Reached XP level 9. HP: 47/47 MP: 25/25
  9745 | D:7      | Reached *** piety under Sif Muna
  9776 | D:7      | Reached skill level 5 in Invocations
 10097 | D:7      | Reached skill level 11 in Spellcasting
 10123 | D:7      | Reached skill level 10 in Ice Magic
 10174 | D:7      | Reached XP level 10. HP: 26/52 MP: 19/27
 10552 | D:7      | Noticed an orc knight
 10557 | D:7      | Noticed an orc knight
 10575 | D:7      | Killed an orc knight
 10575 | D:7      | Reached skill level 12 in Spellcasting
 10576 | D:7      | Splashed by an orc knight's acid

Illustrated notes

Levels and vault maps discovered:
D:1:      scummos_arrival_star, layout_loops_ring
D:2:      layout_basic, kennysheep_generic_room_4, uniq_terence
D:3:      layout_loops_ring, kennysheep_slug_shrine, tso_metal_star,
          nicolae_overflow_crystal_walls
D:4:      layout_basic, lemuel_coloured_pillars_altar,
          nicolae_overflow_hidden_temple, minmay_temple_entry_butterflies
D:5:      layout_basic, nicolae_qazlal_style_of_elements,
          kiku_gazebo_garden_becter, uniq_blork_the_orc, uniq_duvessa,
          uniq_edmund
D:6:      layout_loops_ring, enter_ossuary_4
D:7:      lemuel_castle_with_subvaults [lemuel_castle_interior_carwin_3],
          layout_basic, kennysheep_little_box, roderic_batcave,
          minmay_shattered_shrine, uniq_menkaure
Temple:   eino_temple_lava

Skill      XL: |  1  2  3  4  5  6  7  8  9 10 |
---------------+-------------------------------+-----
Ice Magic      | 5 6 7 8 10 | 10.2
Stealth        | 3 4 |  4.2
Spellcasting   | 4 5 6 7 10 11 12 | 12.0
Maces & Flails | 1 2 |  2.2
Invocations    | 1 2 4 5 |  5.5
Summonings     | 1 3 |  3.1
Dodging        | 3 4 |  4.1
Fighting       | 1 |  1.4

Action                   |  1- 3 |  4- 6 |  7- 9 | 10-12 || total
-------------------------+-------+-------+-------+-------++-------
Melee: Whip              |    49 |    80 |    29 |       ||   158
       Flail             |       |       |    98 |     5 ||   103
 Cast: Freeze            |     9 |     5 |     3 |     2 ||    19
       Frozen Ramparts   |     3 |    34 |    48 |     4 ||    89
       Summon Ice Beast  |       |     6 |    44 |    12 ||    62
       Hailstorm         |       |       |     1 |       ||     1
  Use: Scroll            |       |       |     9 |       ||     9
       Potion            |       |       |     2 |       ||     2
 Stab: Sleeping          |     7 |     5 |       |       ||    12
       Distracted        |       |     1 |     1 |       ||     2
Armor: Robe              |     5 |    25 |    59 |     1 ||    90
Dodge: Dodged            |    33 |    57 |   137 |     3 ||   230

Table legend: (Time is in decaauts)
 A = Elapsed time spent in this place.
 B = Non-inter-level travel time spent in this place.
 C = Inter-level travel time spent in this place.
 D = Time resting spent in this place.
 E = Time spent auto-exploring this place.
 F = Levels seen in this place.
 G = Mean time per level.
                   A        B        C        D        E       F      G
               +--------+--------+--------+--------+--------+-----+--------+
         Total |  10626 |  10437 |    189 |   1013 |   7377 |   9 | 1180.7 |
       Dungeon |  10206 |  10025 |    181 |    990 |   7210 |   7 | 1458.0 |
        Temple |     16 |      9 |      7 |      0 |      0 |   1 |   16.0 |
       Ossuary |    403 |    403 |      0 |     23 |    167 |   1 |  403.0 |
               +--------+--------+--------+--------+--------+-----+--------+

Top non-repeatable levels by time:
     D:7: 2019 daAuts
     D:4: 1895 daAuts
     D:2: 1556 daAuts
     D:5: 1475 daAuts
     D:3: 1241 daAuts
     D:1: 1160 daAuts
     D:6: 857 daAuts
 Ossuary: 403 daAuts
  Temple: 16 daAuts
